 Dungeon Crawl Stone Soup version 0.30-a0-778-g2ef04afb54 (webtiles) character file.

Game seed: 13750192013056125056

68 sanka the Digger (level 4, -8/24 HPs)
             Began as a Kobold Earth Elementalist on Feb 16, 2023.
             Mangled by Crazy Yiuf
             ... wielding a +2 quarterstaff of chaos
              (13 damage)
             ... on level 2 of the Dungeon.
             The game lasted 00:02:42 (2550 turns).

sanka the Digger (Kobold Earth Elementalist)        Turns: 2550, Time: 00:02:43

Health: -8/24      AC:  2    Str:  5    XL:     4   Next: 41%
Magic:  3/8        EV: 15    Int: 18    God:
Gold:   132        SH:  0    Dex: 15    Spells: 3/9 levels left

rFire   + . .      SeeInvis +    (weapon restricted)
rCold   . . .      Faith    .    (no shield)
rNeg    . . .      Spirit   .    a - +0 robe
rPois   .          Reflect  .    (no helmet)
rElec   .          Harm     .    (no cloak)
rCorr   .          Rampage  .    (no gloves)
Will    .....                    (no boots)
Stlth   +++                      c - amulet of regeneration
HPRegen 1.04/turn                j - ring of protection from fire
MPRegen 0.11/turn                g - ring of see invisible

@: very slightly contaminated
A: small, no large weapons, nightstalker 3
a: no special abilities


You were on level 2 of the Dungeon.
You visited 1 branch of the dungeon, and saw 2 of its levels.

You collected 132 gold pieces.


Innate Abilities, Weirdness & Mutations

You are small and have problems with some larger weapons.
You are completely attuned to the shadows.


   Skills:
 - Level 2.4 Dodging
 - Level 2.6 Stealth
 - Level 3.0 Spellcasting
 - Level 1.0 Transmutations
 + Level 4.4 Earth Magic


You had 3 spell levels left.
You knew the following spells:

 Your Spells              Type           Power      Damage    Failure   Level
x - Stone Arrow           Conj/Erth      20%        3d8       21%         3
z - Sandblast             Erth           36%        2d10      2%          1
N - Passwall              Tmut/Erth      10%        N/A       9%          2

Your spell library contained the following spells:

 Spells                   Type           Power      Damage    Failure   Level
 Freeze                   Ice            8%         1d3       16%         1
 Ensorcelled Hibernation  Hex/Ice        4%         N/A       24%         2
 Frozen Ramparts          Ice            4%         1d1       43%         3
 Hailstorm                Conj/Ice       2%         3d3       43%         3
 Swiftness                Air            2%         N/A       43%         3
 Petrify                  Tmut/Erth      12%        N/A       47%         4

Inventory:

Missiles
 i - 4 curare-tipped darts {=f}
Armour
 a - a +0 robe (worn)
Jewellery
 c - an amulet of regeneration (around neck)
 g - a ring of see invisible (right hand)
 j - a ring of protection from fire (left hand)
Scrolls
 d - a scroll of identify {unknown}
 e - 3 scrolls of blinking {unknown}
 f - a scroll of fog {unknown}
 h - a scroll of enchant armour {unknown}
Potions
 b - 3 potions of magic

Dungeon Overview and Level Annotations

Branches:
Dungeon (2/15)

Altars:

Shops:
D:1 (

Annotations:
D:2 Crazy Yiuf

▒▒▒▒▒▒▒▒▒▒ ▒▒
▒▒▒▒▒▒▒▒▒▒▒▒
▒........▒ )..▒▒▒
▒▒.▒.........
........▒▒
...gK▒▒▒▒.......▒▒▒▒▒
▒.▒▒▒▒▒.▒
...▒▒..▒......▒.▒ ▒▒
▒.▒ ▒.▒ ▒▒
▒▒▒.▒..▒.▒▒.▒▒▒▒. ..▒
▒▒.▒▒ ▒▒▒▒▒▒▒........
▒▒▒▒▒▒>..▒ ▒.....▒..
▒......▒▒▒ ▒▒▒▒▒▒
▒▒▒▒▒▒.▒.... ▒.▒▒▒▒.▒
▒.▒▒.▒ ▒.▒ ▒.▒▒▒..
▒.▒ ▒.▒ ▒..▒.▒ ▒.▒
▒.▒ ▒▒. ▒.▒▒▒▒.▒
▒..▒.▒ ▒.▒ ▒.▒▒▒▒▒


You could see Crazy Yiuf.


Message History

You see here a +0 dire flail.
There is a stone staircase leading up here.
You enter the shallow water.
You enter the shallow water.
You enter the shallow water.
You open the door.
The blast of sand hits Crazy Yiuf.
Crazy Yiuf is moderately wounded.
Crazy Yiuf shouts!
The blast of sand hits Crazy Yiuf but does no damage.
Crazy Yiuf is moderately wounded.
You miscast Sandblast.
You are very lightly contaminated with residual magic.
Nothing appears to happen.
Crazy Yiuf barely misses you.
The blast of sand hits Crazy Yiuf but does no damage.
Crazy Yiuf is moderately wounded.
Crazy Yiuf hits you with a +2 quarterstaff of chaos!
Ouch! That really hurt!
* * * LOW HITPOINT WARNING * * *
Crazy Yiuf draws strength from your wounds!
The blast of sand hits Crazy Yiuf but does no damage.
Crazy Yiuf is lightly wounded.
Crazy Yiuf hits you with a +2 quarterstaff of chaos!
* * * LOW HITPOINT WARNING * * *
Crazy Yiuf burns you.
* * * LOW HITPOINT WARNING * * *
Crazy Yiuf hits you with a +2 quarterstaff of chaos!
Ouch! That really hurt!
You die...

Action                     |  1- 3 |  4- 6 || total
---------------------------+-------+-------++-------
   Cast: Sandblast         |    49 |    21 ||    70
 Armour: Robe              |     1 |       ||     1
  Dodge: Dodged            |     4 |     1 ||     5

Levels and vault maps discovered:
D:1:      dpeg_arrival_court, layout_basic, serial_shops,
          nicolae_shop_hallway_plus, hellmonk_ecumenical_altar_arch_garden,
          corexii_item_surrounded_by_moat
D:2:      layout_loops_ring, serial_rivers, chequers_serial_rivers_micro_b,
          chequers_serial_rivers_micro_c, chequers_serial_rivers_small_b,
          chequers_serial_rivers_large_b, chequers_serial_rivers_small_a,
          chequers_serial_rivers_small_a, uniq_crazy_yiuf_cottage

Notes
Turn   | Place    | Note
-------+----------+-------------------------------------------
     0 | D:1      | sanka the Kobold Earth Elementalist began the quest for the
                  | Orb.
     0 | D:1      | Reached XP level 1. HP: 10/10 MP: 3/3
    95 | D:1      | Reached XP level 2. HP: 15/15 MP: 1/5
   181 | D:1      | Found a faded altar of an unknown god.
   492 | D:1      | Reached XP level 3. HP: 19/19 MP: 5/7
   514 | D:1      | Learned a level 2 spell: Passwall
   518 | D:1      | Learned a level 3 spell: Stone Arrow
   637 | D:1      | Found Xyddafis's Weapon Shop.
   704 | D:1      | Reached skill level 3 in Spellcasting
  1359 | D:2      | Reached skill level 4 in Earth Magic
  1436 | D:2      | Reached XP level 4. HP: 24/24 MP: 6/8
  1642 | D:2      | Found a runed translucent door.
  1645 | D:2      | Noticed Crazy Yiuf
  2550 | D:2      | Mangled by Crazy Yiuf

Vanquished Creatures
  An adder (D:2)
  2 worms (D:2)
  7 endoplasms
  A giant cockroach (D:1)
  5 goblins
  7 hobgoblins
  2 jackals (D:1)
  5 ball pythons (D:1)
  8 bats
  4 frilled lizards
  5 kobolds
  3 rats
50 creatures vanquished.
